 Dungeon Crawl Stone Soup version 0.22.1-2-g9c5b331 (webtiles) character file.

17574 MalarOregon the Spear-Bearer (level 12, -13/93 HPs)
             Began as a Merfolk Ice Elementalist on Nov 16, 2018.
             Was an Elder of Nemelex Xobeh.
             Mangled by a very large slime creature (46 damage)
             ... on level 13 of the Dungeon.
             The game lasted 00:39:58 (15592 turns).

MalarOregon the Spear-Bearer (MfIE)                Turns: 15592, Time: 00:39:58

Health: -13/93     AC: 13    Str:  7    XL:     12   Next: 49%
Magic:  24/24      EV: 16    Int: 18    God:    Nemelex Xobeh [****..]
Gold:   465        SH: 13    Dex: 17    Spells: 6/27 levels left

rFire    + + +     SeeInvis .   t - +7 spear (venom)
rCold    + . .     Gourm    .   d - +2 buckler
rNeg     . . .     Faith    .   O - +5 ring mail of the Equinox {rElec rF+++ Str-2 Stlth-}
rPois    .         Spirit   .   h - +0 helmet
rElec    +         Reflect  +   x - scarf {cloud immunity}
rCorr    .         Harm     .   y - +0 pair of gloves
MR       .....                  b - +0 pair of boots
Stlth    +.........             n - +6 amulet of reflection
HPRegen  0.25/turn              H - +4 ring of dexterity
MPRegen  0.19/turn              o - ring of protection from cold

@: no status effects
A: change form in water, swift swim, stealthy swim, clumsy 1, sturdy frame 1
a: Triple Draw, Deal Four, Renounce Religion


You were on level 13 of the Dungeon.
You worshipped Nemelex Xobeh.
Nemelex Xobeh was greatly pleased with you.
You were not hungry.

You visited 2 branches of the dungeon, and saw 14 of its levels.
You visited 1 bazaar.

You collected 739 gold pieces.
You spent 274 gold pieces at shops.

Inventory:

Hand Weapons
 t - a +7 spear of venom (weapon)
   (You took it off a gnoll on level 3 of the Dungeon)
Missiles
 k - 5 throwing nets (quivered) {!f}
Armour
 b - a +0 pair of boots (worn)
   (You found it on level 1 of the Dungeon)
 d - a +2 buckler (worn)
   (You found it on level 1 of the Dungeon)
 h - a +0 helmet (worn)
   (You found it on level 2 of the Dungeon)
 x - a scarf of cloud immunity (worn)
   (You found it on level 5 of the Dungeon)
 y - a +0 pair of gloves (worn)
   (You found it on level 6 of the Dungeon)
 O - the +5 ring mail of the Equinox (worn) {rElec rF+++ Str-2 Stlth-}
   (You found it on level 4 of the Dungeon)

   It affects your strength (-2).
   It renders you almost immune to fire.
   It insulates you from electricity.
   It makes you less stealthy.
 R - a +1 robe of magic resistance
   (You took it off a kobold demonologist on level 12 of the Dungeon)
Jewellery
 l - an uncursed ring of protection from magic
   (You took it off a wight on level 9 of the Dungeon)
 n - a +6 amulet of reflection (around neck)
   (You found it on level 5 of the Dungeon)
 o - a ring of protection from cold (right hand)
   (You found it on level 7 of the Dungeon)
 z - an uncursed ring of see invisible
   (You found it on level 10 of the Dungeon)
 F - an uncursed ring of magical power
   (You found it on level 2 of the Dungeon)
 H - a +4 ring of dexterity (left hand)
   (You found it on level 9 of the Dungeon)
Wands
 c - a wand of disintegration (19)
   (You found it on level 10 of the Dungeon)
 u - a wand of paralysis (19)
   (You found it on level 12 of the Dungeon)
 v - a wand of enslavement (15)
   (You found it on level 6 of the Dungeon)
 J - a wand of polymorph (12)
   (You found it on level 12 of the Dungeon)
Scrolls
 f - 9 scrolls of identify {@r1}
 j - a scroll of noise {!r}
 m - 6 scrolls of remove curse {@r2}
 r - 3 scrolls of immolation {!r}
Potions
 a - a potion of agility
 s - a potion of curing {@q1}
 w - 5 potions of might
 C - a potion of ambrosia
 D - 2 potions of heal wounds {@q2}
 M - a potion of cancellation
 N - 4 potions of lignification {!q}
 P - 2 potions of invisibility
Miscellaneous
 g - an ornate deck of summoning
   (Nemelex Xobeh gifted it to you on level 12 of the Dungeon)
 i - a plain deck of summoning
   (Nemelex Xobeh gifted it to you on level 4 of the Dungeon)
 p - a legendary deck of destruction {drawn: 4}
   (Nemelex Xobeh gifted it to you on level 3 of the Dungeon)
 q - a plain deck of destruction
   (Nemelex Xobeh gifted it to you on level 6 of the Dungeon)
 A - a plain deck of escape
   (Nemelex Xobeh gifted it to you on level 6 of the Dungeon)
 B - a plain deck of summoning
   (Nemelex Xobeh gifted it to you on level 6 of the Dungeon)
 E - an ornate deck of destruction
   (Nemelex Xobeh gifted it to you on level 11 of the Dungeon)
 G - a plain deck of summoning {drawn: 5}
   (Nemelex Xobeh gifted it to you on level 7 of the Dungeon)
 I - a plain deck of destruction
   (Nemelex Xobeh gifted it to you on level 9 of the Dungeon)
Comestibles
 e - 21 rations {!d}
 K - 4 chunks of flesh


   Skills:
 + Level 8.2 Fighting
 - Level 12.0 Polearms
 + Level 10.4 Dodging
 - Level 2.1 Stealth
 - Level 4.0 Shields
 + Level 8.0 Spellcasting
 + Level 6.1 Conjurations
 + Level 9.2 Ice Magic
 + Level 4.4 Invocations


You had 6 spell levels left.
You knew the following spells:

 Your Spells              Type           Power        Failure   Level  Hunger
a - Freeze                Ice            ####         1%          1    None
b - Call Imp              Summ           #.......     28%         2    None
c - Throw Icicle          Conj/Ice       ####....     8%          4    ###....
d - Summon Ice Beast      Ice/Summ       ###.....     28%         4    ###....
e - Call Canine Familiar  Summ           #.......     50%         3    #......
f - Yara's Violent Unrav  Hex/Tmut       #.........   99%         5    #####..
x - Throw Frost           Conj/Ice       ####..       1%          2    None

Your spell library contained the following spells:

 Spells                   Type           Power        Failure   Level  Hunger
 Ozocubu's Armour         Chrm/Ice       ###.....     9%          3    #......
 Beastly Appendage        Tmut           #.....       19%         1    None
 Confusing Touch          Hex            #.....       19%         1    None
 Summon Small Mammal      Summ           #...         19%         1    None
 Sticks to Snakes         Tmut           #.......     28%         2    None
 Ice Form                 Ice/Tmut       ###.....     28%         4    ###....
 Confuse                  Hex            #.......     50%         3    #......
 Gell's Gravitas          Tloc           #.........   50%         3    #......
 Spider Form              Tmut/Pois      #.........   50%         3    #......
 Summon Guardian Golem    Hex/Summ       #.......     50%         3    #......
 Metabolic Englaciation   Hex/Ice        ###.......   61%         5    #####..
 Petrify                  Tmut/Erth      #.......     88%         4    ###....
 Summon Lightning Spire   Summ/Air       #.......     88%         4    ###....
 Blade Hands              Tmut           #.........   99%         5    #####..


Dungeon Overview and Level Annotations

Branches:
Dungeon (13/15)            Temple (1/1) D:5            Lair (0/6) D:11
    Orc (0/2) D:9
 Vaults: D:13-14

Altars:
Ashenzari
Cheibriados
Dithmenos
Elyvilon
Fedhas
Gozag
Hepliaklqana
Kikubaaqudgha
Makhleb
Nemelex Xobeh
Okawaru
Qazlal
Ru
Sif Muna
Trog
Uskayaw
Vehumet
Wu Jian
Xom
Yredelemnul
Zin
The Shining One

Shops:
D:4 (   D:6 *!:


Innate Abilities, Weirdness & Mutations

You revert to your normal form in water.
You are very nimble and swift while swimming.
You are very stealthy in the water. (Stealth+)
You are clumsy. (Dex -2)
Your movements are slightly less encumbered by armour. (ER -2)


Message History

Aim: a slime creature You reach to attack!
You puncture the slime creature! You hit the slime creature.
Your ring mail of the Equinox prevents you from hitting the slime creature.
You block the slime creature's attack.
You hit the slime creature.
The slime creature is poisoned.
You barely miss the slime creature. You block the slime creature's attack.
You hit the slime creature. You puncture the slime creature!
You block the slime creature's attack.
You puncture the slime creature! You block the slime creature's attack.
You barely miss the slime creature.
Two slime creatures merge to form a large slime creature.
The slime creature hits you!
You hit the slime creature.
You completely miss the large slime creature.
The slime creature completely misses you.
You hit the large slime creature.
The large slime creature is poisoned.
The large slime creature misses you.
You hit the large slime creature. You block the slime creature's attack.
You hit the large slime creature.
You block the large slime creature's attack.
You puncture the large slime creature! The slime creature barely misses you.
You barely miss the large slime creature.
You block the large slime creature's attack.
You puncture the large slime creature! You block the slime creature's attack.
You hit the large slime creature.
A large slime creature splits.
You hit the slime creature. You block the slime creature's attack.
You hit the slime creature but do no damage.
You block the slime creature's attack. The slime creature hits you!
You puncture the slime creature! The slime creature hits you!
You puncture the slime creature!
The slime creature looks as sick as possible!
The slime creature hits you!
* * * LOW HITPOINT WARNING * * *
The slime creature hits you!
* * * LOW HITPOINT WARNING * * *
Two slime creatures merge to form a large slime creature.
Two slime creatures merge to form a very large slime creature.
Unknown command.
There's nothing to close nearby.
You draw a card...
It is the Orb.
You have drawn the Orb.
Aim: a very large slime creature (heavily wounded, poisoned)
Your orb of destruction hits a rock wall. x4
Your orb of destruction hits a rock wall.
There is an open door here.
You draw a card...
It is the Elements.
The very large slime creature hits you!!!
You die...
Your body glows slightly and disappears.

#........####.......
#.....)..'.##.......
#........#..#.......
#........##.#.<.....
+..[.....##.........
#..>.....####.......
#l.......# #.>.....
#..Jh....# #.......
#..@Y....# #.......
###+###### #######.
.


You could see a very large slime creature, a friendly raiju, a friendly basilisk
and a friendly ice beast.

Vanquished Creatures
  The ghost of smtktc the Blocker, a journeyman HOFi of Gozag (D:12)
  A two-headed ogre (D:13)
  The ghost of Jaiteiro the Blocker, a novice GnFi of Okawaru (D:11)
  A skeletal warrior (D:12)
  2 unseen horrors
  2 ugly things (D:11)
  A cyclops (D:12)
  A manticore (D:12)
  2 centaur skeletons
  A centaur zombie (D:10)
  A kobold demonologist (D:12)
  A merfolk (D:11)
  4 trolls
  A harpy zombie (D:12)
  2 hippogriffs
  Eustachio (D:5)
  Sigmund (D:2)
  2 wyverns
  6 yaks (D:12)
  A basilisk (D:11)
  A hungry ghost (D:10)
  3 vampire mosquitoes
  An acid dragon (D:11)
  3 water moccasins (D:10)
  A black bear (D:8)
  8 orc warriors
  A swamp drake (D:9)
  A sky beast (D:12)
  3 ice beasts
  2 phantoms
  A necrophage (D:10)
  6 ogres
  2 crocodiles
  4 centaurs
  4 big kobolds
  4 bullfrogs
  5 scorpions
  4 killer bees (D:7)
  A water moccasin skeleton (D:6)
  15 wights
  6 howler monkeys
  An electric eel (D:12)
  9 crimson imps
  2 bullfrog zombies (D:12)
  6 jellies
  A bullfrog skeleton (D:6)
  8 orc priests
  3 hounds
  9 orc wizards
  2 iguanas
  10 worker ants
  2 killer bee zombies
  A hound skeleton (D:6)
  A howler monkey zombie (D:8)
  2 worker ant zombies (D:11)
  14 adders
  4 gnolls
  2 shadow imps
  An ooze (D:4)
  An adder zombie (D:5)
  3 worms
  A dart slug (D:1)
  3 leopard geckos
  38 orcs
  8 bats
  5 giant cockroaches
  2 goblins
  9 hobgoblins
  8 jackals
  25 kobolds
  6 quokkas
  2 frilled lizards
  2 jackal skeletons
  8 rats
308 creatures vanquished.

Vanquished Creatures (collateral kills)
  Urug (D:10)
  An ugly thing (D:11)
  A freezing wraith (D:12)
  A wolf spider simulacrum (D:12)
  7 vampire mosquitoes (D:12)
  An ogre (D:10)
  A bullfrog (D:11)
  An orc wizard (D:4)
  A worker ant (D:4)
  2 gnolls (D:9)
  An ooze (D:9)
  A giant cockroach (D:4)
  A frilled lizard (D:9)
  A kobold (D:11)
21 creatures vanquished.

Vanquished Creatures (others)
  A centaur (D:8)
  A kobold (D:7)
2 creatures vanquished.

Grand Total: 331 creatures vanquished

Notes
Turn   | Place    | Note
-------+----------+-------------------------------------------
     0 | D:1      | MalarOregon the Merfolk Ice Elementalist began the quest
                  | for the Orb.
     0 | D:1      | Reached XP level 1. HP: 13/13 MP: 3/3
   290 | D:1      | Reached XP level 2. HP: 18/20 MP: 0/5
   360 | D:1      | Found a shimmering altar of Xom.
   366 | D:1      | Learned a level 2 spell: Throw Frost
   783 | D:1      | Reached skill level 1 in Fighting
  1044 | D:1      | Reached XP level 3. HP: 15/26 MP: 2/6
  1647 | D:2      | Noticed Sigmund
  1843 | D:2      | Found a glowing golden altar of the Shining One.
  2038 | D:2      | Found a faded altar of an unknown god.
  2189 | D:3      | Reached XP level 4. HP: 14/32 MP: 0/8
  2444 | D:3      | Found a blossoming altar of Fedhas.
  2445 | D:3      | Found a deep blue altar of Sif Muna.
  2445 | D:3      | Found a bloodstained altar of Trog.
  2485 | D:3      | HP: 1/32 [poisoned by an adder]
  2573 | D:3      | Found a sparkling altar of Nemelex Xobeh.
  2603 | D:3      | Became a worshipper of Nemelex Xobeh the Trickster
  2642 | D:3      | Reached skill level 1 in Shields
  2683 | D:3      | Received a gift from Nemelex Xobeh
  2998 | D:2      | Killed Sigmund
  2998 | D:2      | Reached XP level 5. HP: 13/38 MP: 2/10
  2998 | D:2      | Reached XP level 6. HP: 15/44 MP: 2/11
  3111 | D:4      | Learned a level 4 spell: Throw Icicle
  3448 | D:3      | Reached skill level 1 in Conjurations
  3941 | D:3      | Learned a level 4 spell: Summon Ice Beast
  4004 | D:4      | Found an ornate altar of the Wu Jian Council.
  4153 | D:4      | Found Hysinoupn's Antique Weapon Emporium.
  4190 | D:4      | Reached skill level 1 in Polearms
  4352 | D:4      | Reached XP level 7. HP: 4/51 MP: 6/13
  4356 | D:4      | Gained mutation: You are clumsy. (Dex -2) [potion of
                  | mutation]
  4356 | D:4      | Gained mutation: Your movements are slightly less
                  | encumbered by armour. (ER -2) [potion of mutation]
  4370 | D:4      | Reached skill level 2 in Polearms
  4811 | D:4      | Received a gift from Nemelex Xobeh
  5027 | D:4      | Got a warped ring mail
  5048 | D:4      | Identified the +5 ring mail of the Equinox {rElec rF+++
                  | Str-2 Stlth-} (You found it on level 4 of the Dungeon)
  5077 | D:5      | Entered Level 5 of the Dungeon
  5127 | D:5      | Reached * piety under Nemelex Xobeh
  5140 | D:5      | Reached skill level 3 in Polearms
  5162 | D:5      | Reached skill level 5 in Dodging
  5257 | D:5      | Reached XP level 8. HP: 38/58 MP: 14/14
  5261 | D:5      | Reached skill level 4 in Polearms
  5267 | D:5      | Reached skill level 5 in Ice Magic
  5385 | D:5      | Found a staircase to the Ecumenical Temple.
  5564 | D:5      | Noticed Eustachio
  5590 | D:5      | Killed Eustachio
  5590 | D:5      | Reached skill level 5 in Polearms
  5995 | Temple   | Entered the Ecumenical Temple
  6116 | D:6      | Received a gift from Nemelex Xobeh
  6251 | D:6      | Found Luokh's General Store.
  6319 | D:6      | Bought a scroll of identify for 30 gold pieces
  6319 | D:6      | Bought a scroll of enchant weapon for 112 gold pieces
  6352 | D:6      | Reached skill level 6 in Polearms
  6612 | D:6      | Found Juen's Distillery.
  6619 | D:6      | Reached skill level 5 in Spellcasting
  6619 | D:6      | Reached XP level 9. HP: 60/65 MP: 16/16
  6676 | D:6      | Found Lini Ara's Book Shoppe.
  7116 | D:5      | Reached skill level 7 in Polearms
  7191 | D:6      | Received a gift from Nemelex Xobeh
  7488 | D:6      | Reached ** piety under Nemelex Xobeh
  7488 | D:6      | Received a gift from Nemelex Xobeh
  8189 | D:7      | Found an ancient bone altar of Kikubaaqudgha.
  8227 | D:7      | Reached skill level 8 in Polearms
  8416 | D:7      | Reached skill level 5 in Fighting
  8621 | D:7      | Received a gift from Nemelex Xobeh
  8784 | D:7      | Found a sacrificial altar of Ru.
  8892 | D:8      | Reached XP level 10. HP: 18/74 MP: 18/18
  8922 | D:7      | Reached skill level 9 in Polearms
  9790 | D:8      | Found a white marble altar of Elyvilon.
 10159 | D:9      | Reached skill level 10 in Polearms
 10520 | D:9      | Received a gift from Nemelex Xobeh
 10919 | D:9      | Reached *** piety under Nemelex Xobeh
 11038 | D:9      | Found a staircase to the Orcish Mines.
 11296 | D:9      | Learned a level 2 spell: Call Imp
 11300 | D:9      | Learned a level 3 spell: Call Canine Familiar
 11306 | D:9      | Learned a level 5 spell: Yara's Violent Unravelling
 11452 | D:10     | Entered Level 10 of the Dungeon
 11547 | D:10     | Reached skill level 11 in Polearms
 11547 | D:10     | Reached XP level 11. HP: 81/83 MP: 20/20
 11898 | D:10     | Killed an unseen horror
 12083 | D:10     | Received a gift from Nemelex Xobeh
 12140 | D:10     | Noticed Urug
 12148 | D:10     | Killed Urug
 12694 | D:11     | Noticed a purple ugly thing
 12700 | D:11     | Noticed a purple ugly thing
 12707 | D:11     | Noticed a red ugly thing
 12710 | D:11     | Killed a purple ugly thing
 12723 | D:11     | Killed a purple ugly thing
 12723 | D:11     | Reached skill level 5 in Conjurations
 12723 | D:11     | Reached skill level 1 in Invocations
 12739 | D:11     | Killed a cyan ugly thing
 12757 | D:11     | Reached skill level 12 in Polearms
 12829 | D:11     | Received a gift from Nemelex Xobeh
 13103 | D:11     | Found a staircase to the Lair.
 13133 | D:11     | Reached **** piety under Nemelex Xobeh
 13330 | D:11     | Found a runed gate.
 13331 | D:11     | Found a runed gate.
 13331 | D:11     | Noticed Jaiteiro's ghost (novice GnFi)
 13334 | D:11     | Found a runed gate.
 13606 | D:6      | Bought a potion of invisibility for 96 gold pieces
 13606 | D:6      | Bought a potion of lignification for 36 gold pieces
 13764 | D:11     | Killed Jaiteiro's ghost
 13920 | D:12     | Noticed a cyclops
 13929 | D:12     | Killed a cyclops
 13947 | D:12     | Noticed a manticore
 13963 | D:12     | Killed a manticore
 14015 | D:12     | Reached XP level 12. HP: 80/91 MP: 23/23
 14048 | D:12     | Found a gateway to a bazaar.
 14069 | Bazaar   | Entered a bazaar
 14074 | Bazaar   | Found Parocw's Gadget Shop.
 14089 | Bazaar   | Found Qeuv's Book Shop.
 14219 | D:12     | Received a gift from Nemelex Xobeh
 14528 | D:12     | Reached skill level 10 in Dodging
 14689 | D:12     | Noticed a soul eater
 14913 | D:12     | Found a transporter.
 14913 | D:12     | Noticed smtktc's ghost (journeyman HOFi)
 14924 | D:12     | Found a transporter.
 15092 | D:12     | Killed smtktc's ghost
 15401 | D:13     | Noticed a two-headed ogre
 15417 | D:13     | Killed a two-headed ogre
 15592 | D:13     | Mangled by a very large slime creature

Skill      XL: |  1  2  3  4  5  6  7  8  9 10 11 12 |
---------------+-------------------------------------+-----
Dodging        | 3 4 5 6 7 8 9 10 | 10.4
Fighting       | 1 2 3 4 5 6 7 8 |  8.2
Spellcasting   | 3 4 5 6 7 8 |  8.0
Shields        | 1 2 3 4 |  4.0
Ice Magic      | 4 5 6 7 8 9 |  9.2
Conjurations   | 1 2 3 4 5 6 |  6.1
Polearms       | 1 3 6 8 11 12 | 12.0
Invocations    | 3 4 |  4.4
Stealth        | |  2.1

Action                   |  1- 3 |  4- 6 |  7- 9 | 10-12 || total
-------------------------+-------+-------+-------+-------++-------
Melee: Unarmed           |    25 |       |       |       ||    25
       Dagger            |   373 |    54 |       |       ||   427
       Spear             |       |    24 |   628 |   945 ||  1597
 Cast: Freeze            |    52 |    48 |     3 |    17 ||   120
       Throw Frost       |       |     5 |       |     3 ||     8
       Throw Icicle      |       |       |       |    21 ||    21
Evoke: Deck              |       |       |     1 |    15 ||    16
  Use: Potion            |       |     2 |     3 |     2 ||     7
       Scroll            |       |     2 |     5 |    13 ||    20
 Stab: Sleeping          |     2 |     3 |       |     1 ||     6
       Confused          |       |       |       |     2 ||     2
       Distracted        |       |       |       |     2 ||     2
  Eat: Chunk             |     2 |     4 |    12 |    22 ||    40
       Ration            |     1 |     1 |     1 |     1 ||     4
Armor: Robe              |    33 |    20 |     2 |       ||    55
       Ring mail         |       |       |   125 |   104 ||   229
Dodge: Dodged            |    91 |    89 |   197 |   196 ||   573
Block: Buckler           |       |       |   241 |   313 ||   554
       Reflection        |       |       |    17 |     3 ||    20
